← All builds
Tech / Armada / Economy first / OBSERVED BUILD

Standard tech

Armada Tech (Eco) build order · Supreme Isthmus

Rushes T2 by 4:15, gets Advanced Metal Extractor around 5:28, hands off T2 constructors to Geo and the team, then scales eco and supplies the team's T2 needs through the rest of the game.

Usually first T2 con to Geo (83%)

#eco #t2 #team support · 1574 distinct matches · 255 players · 58% of Armada Tech games · team won 53% of 1868 · Recently observed

HOW TO PLAY IT

Key timing: T2 factory by 4:15

  1. Open 3 mex and heavy wind to fund a fast T2 rush.
  2. Put down Bot Lab, planning to eat it for reclaim soon after.
  3. Get Advanced Bot Lab up, hitting the T2 factory rush timing.
  4. Upgrade mex to Advanced Metal Extractor to lock in team metal income.
  5. Eat Advanced Bot Lab and keep sending cons to Geo and Pond.

Phase by phase

TYPICAL OF ITS 1574 GAMES
  1. 1
  2. 2
  3. 3
  4. 4
PLAY THE OPENING

Follow the example game's first 6:00 step by step: what to build now, what comes next, and where it goes. At 1× it keeps pace with your own game.

  1. 1

    Up to the Bot Lab

    Economy
    • Metal Extractor3Mex
    • Wind Turbine4Wind
    Order
    1. Bot LabBot Lab after 3 mex, 4 winddone ~1:18, middle half 1:13–1:32

    Some games also: energy storage (31%)

    By 1:01 in all: 3 mex · 4 wind

    The example game in this phase · 5 steps
    1. Mex ×3
    2. Wind ×4
    3. Energy storage
    4. Wind
    5. Bot LabBot Labdone 1:51 · typical 1:18
  2. 2

    Bot Lab to Advanced Bot Lab

    Economy
    • Metal Extractor1Mex
    • Wind Turbine8Wind
    • Energy Storage1Energy storage
    Order
    1. Advanced Bot LabAdvanced Bot Lab after 4 mex, 12 wind, 3 con turretdone ~4:16, middle half 4:04–4:30
    Builders
    • Construction Turret3 Con turret
    • Lazarus3 Lazarus
    • Construction Bot2 Con bot
    • Construction Bot1 Con bot for allies

    Some games also: converter (36%)

    By 3:18 in all: 4 mex · 12 wind · 1 energy storage · 3 con turret

    The example game in this phase · 13 steps
    1. Wind
    2. Construction BotCon bot
    3. Wind
    4. LazarusLazarus
    5. Wind ×2
    6. LazarusLazarus ×2
    7. Mex
    8. Construction BotCon botfor Air
    9. Construction BotCon bot
    10. Con turret ×2
    11. Wind ×2
    12. Con turret
    13. Advanced Bot LabAdvanced Bot Labdone 4:45 · typical 4:16
  3. 3

    Advanced Bot Lab to 5:00

    Economy
    • Wind Turbine3Wind
    Order
    1. Bot LabEat Bot Lab
    Builders
    • Advanced Construction Bot1 T2 con bot for allies

    Some games also: converter (35%)

    By 5:00 in all: 4 mex · 15 wind · 1 converter · 1 energy storage · 3 con turret

    The example game in this phase · 5 steps
    1. Bot LabEat Bot Labreclaimed for its metal
    2. Wind ×3
    3. Advanced Construction BotT2 con botfor Geo
    4. Wind
    5. Advanced Construction BotT2 con botfor Air
  4. 4

    5:00 to 10:00

    Economy
    • Wind Turbine43Wind
    • Energy Converter6Converter
    Builders
    • Butler9 Butler
    • Advanced Construction Bot4 T2 con bot for allies
    • Advanced Construction Bot1 T2 con bot

    Some games also: con turret (43%) · Butler for allies (37%)

    By 10:00 in all: 4 mex · 58 wind · 8 converter · 1 energy storage · 3 con turret

    The example game in this phase · 194 steps
    1. Advanced Metal ExtractorT2 mex ×3done 5:47 · typical 5:29
    2. Advanced Construction BotT2 con botfor Geo sea
    3. ButlerButler ×2
    4. Advanced Construction BotT2 con botfor Pond
    5. Advanced Metal ExtractorT2 mex
    6. Advanced Construction BotT2 con botfor Beach sea
    7. ButlerButler ×4
    8. Wind
    9. ButlerButler
    10. Wind
    11. ButlerButler
    12. Wind ×2
    13. ButlerButler
    14. Wind ×5
    15. ButlerButler
    16. Wind ×3
    17. ButlerButler
    18. Wind ×5
    19. ButlerButler
    20. Wind ×4
    21. ButlerButler
    22. Converter
    23. Wind ×3
    24. ButlerButler
    25. Converter
    26. Wind ×3
    27. Converter
    28. ButlerButler
    29. Wind ×3
    30. Converter
    31. Wind ×5
    32. Converter ×2
    33. Con turret
    34. Wind ×3
    35. GhostGhost
    36. Converter ×2
    37. Wind ×3
    38. Converter
    39. Con turret
    40. Wind ×2
    41. SprinterSprinter
    42. Wind
    43. Converter
    44. Wind
    45. Converter
    46. Wind
    47. GhostGhost
    48. Wind ×3
    49. Converter
    50. Wind ×2
    51. Converter
    52. Wind
    53. Con turret
    54. Wind
    55. Converter
    56. Wind ×4
    57. Converter ×2
    58. Wind ×3
    59. Con turret
    60. Converter
    61. Wind ×2
    62. Converter
    63. Wind ×4
    64. Converter ×2
    65. Wind ×2
    66. UmbrellaAnti-nukedone 11:22
    67. Wind ×3
    68. Converter
    69. Wind ×3
    70. Converter
    71. Wind
    72. Converter
    73. Wind ×3
    74. Converter
    75. Wind ×2
    76. Converter
    77. Wind ×4
    78. Converter ×2
    79. Wind
    80. Advanced Construction BotT2 con bot
    81. Wind ×2
    82. Con turret
    83. Converter ×2
    84. Wind ×2
    85. Converter ×2
    86. Wind ×2
    87. Converter
    88. Wind
    89. Converter
    90. Wind ×3
    91. Fusion ReactorFusiondone 12:50
    92. Converter
    93. Con turret
    94. Converter
    95. Wind ×3
    96. Converter
    97. Wind
    98. Converter
    99. Wind ×5
    100. Converter
    101. GhostGhost
    102. Converter
    103. Wind ×5
    104. Converter
    105. Wind
    106. Converter
    107. Wind ×2
    108. Converter ×2
    109. Wind ×3
    110. Converter ×2
    111. Wind ×4
    112. Advanced Bot LabEat Advanced Bot Labreclaimed for its metal
    113. Wind
    114. Converter
    115. Wind
    116. Converter
    117. Wind ×4
    118. Converter
    119. Wind ×2
    120. Converter
    121. Wind ×3
    122. Converter
    123. Wind ×2
    124. Fusion ReactorFusion
    125. Wind
    126. Converter
    127. Con turret
    128. Wind ×3
    129. Converter
    130. Wind
    131. Con turret
    132. Converter
    133. Wind ×4
    134. Converter
    135. Con turret
    136. Wind
    137. Converter
    138. Wind
    139. Con turret
    140. Wind
    141. Converter
    142. Wind
    143. Converter
    144. Con turret
    145. Wind ×2
    146. Converter
    147. Con turret
    148. Wind
    149. Converter
    150. Wind ×2
    151. Con turret
    152. Converter
    153. Wind ×3
    154. Converter
    155. Wind
    156. Converter
    157. Con turret
    158. Wind ×2
    159. Converter
    160. Wind ×2
    161. Converter
    162. Wind
    163. Converter
    164. Wind ×2
    165. Converter
    166. Wind ×2
    167. Converter
    168. Wind ×2
    169. Converter ×4
    170. Fusion ReactorFusion
    171. Converter ×8
    172. Wind ×2
    173. Converter ×2
    174. Wind
    175. Aircraft PlantAircraft Plantdone 14:40
    176. Wind ×3
    177. Construction AircraftCon aircraft
    178. Converter ×2
    179. Wind ×2
    180. Construction AircraftCon aircraft
    181. Wind ×3
    182. Construction AircraftCon aircraft
    183. Converter
    184. Wind
    185. Converter
    186. Aircraft PlantAircraft Plantdone 14:52
    187. Wind ×2
    188. FalconFighter ×2
    189. Wind
    190. FalconFighter ×3
    191. Wind ×2
    192. FalconFighter
    193. Wind
    194. FalconFighter ×2

Counts are medians over the build's games: half of them build more, half fewer. The example game is fanboi's (33 OS, 09/10/2026); pick another.

Team trades

IN AT LEAST 30% OF ITS GAMES

You hand over

  • Construction Bot1 Con bot to Airfirst at 2:24 · in 84% of games
  • Advanced Construction Bot5 T2 con bot to Air or Geo sea or Pondfirst at 4:50 · in 99% of games
  • Butler2 Butler to Geo sea or Beach sea or Pondfirst at 9:07 · in 42% of games

You get

  • Hercules1 Light transport from Airfirst at 4:01 · in 86% of games

How it plays out

Typical game of this build, running totals by minute

Metal produced

020k40k
0:005:0010:0015:00

metal

Enemy metal destroyed

050100
0:005:0010:0015:00

metal

Own metal lost

050100150
0:005:0010:0015:00

metal

1868 games.

Show as table
ByMetal produced: This buildEnemy metal destroyed: This buildOwn metal lost: This build
1:0038300
2:0091500
3:00165100
4:00314300
5:00484800
6:00580000
7:00722700
8:00906100
9:001116900
10:001350200
11:001623900
12:001965200
13:002344100
14:0027357074
15:003153885130
WHAT THE NUMBERS SAY

Standard Tech play barely fights at all early, instead pouring metal into T2 infrastructure and constructors for the team.

  • + Metal produced hits 31679 by 15:00, by far the highest of any role here.
  • + T2 factory reached in 97% of games by 4:15, fastest and most reliable T2 timing.
  • − Enemy metal destroyed stays at 0 through 10:00, no early offense at all.
  • − Own metal lost also near 0, showing total avoidance of combat risk.
THE EXAMPLE YOU ARE READING

fanboi

33.3 OS · 09/10/2026

Open source match ↗

2 received units
1557 metal received · 44501 energy received

Allied construction assistance is unknown. Timings are observations, not a promise of solo reproducibility.

Typical milestones

Bot Lab1:18Middle 50%: 1:13–1:32 · n=1868
Advanced Bot Lab4:16Middle 50%: 4:04–4:30 · n=1861
Advanced Metal Extractor5:29Middle 50%: 5:06–5:59 · n=1864

Played most by

Amrissa93games of this buildTheGeneraI66games of this buildAdeus57games of this buildEl_Turco56games of this buildKOT_43games of this build